 Dungeon Crawl Stone Soup version 0.24.0-41-g2ae2f7f1be (webtiles) character file.

Game seed: 1813495626437594448, levelgen mode: deterministic

415 ReteAZ the Sneak (level 6, -9/44 HPs)
             Began as an Octopode Berserker on Dec 11, 2019.
             Was a Believer of Trog.
             Mangled by an orc warrior
             ... wielding a cursed +0 hand axe
              (14 damage)
             ... on level 4 of the Dungeon.
             The game lasted 00:12:39 (4123 turns).

ReteAZ the Sneak (Octopode Berserker)               Turns: 4123, Time: 00:12:40

Health: -9/44      AC:  1    Str: 14 (16) XL:     6   Next: 91%
Magic:  6/6        EV: 14    Int: 10      God:    Trog [**....]
Gold:   207        SH:  0    Dex: 11 (13) Spells: 5/5 levels left

rFire    . . .     SeeInvis .     - Unarmed
rCold    . . .     Gourm    .   (no shield)
rNeg     . . .     Faith    .   (helmet restricted)
rPois    .         Spirit   .   (no amulet)
rElec    .         Reflect  .   (no ring)
rCorr    .         Harm     .   (no ring)
MR       .....                  (no ring)
Stlth    ++++......             (no ring)
HPRegen  0.14/turn              (no ring)
MPRegen  0.10/turn              (no ring)
                                (no ring)
                                (no ring)

@: no status effects
A: almost no armour, stealthy swim, amphibious, 8 rings, constrict 8, camouflage
1, gelatinous body 1
a: Berserk, Trog's Hand, Renounce Religion


You were on level 4 of the Dungeon.
You worshipped Trog.
Trog was pleased with you.
You were not hungry.

You visited 1 branch of the dungeon, and saw 4 of its levels.

You collected 207 gold pieces.

Inventory:

Hand Weapons
 j - a +2 whip of electrocution
Missiles
 d - 147 stones
 g - 4 boomerangs (quivered)
 n - a boomerang of dispersal
Jewellery
 h - an uncursed ring of magical power {unknown}
 s - the ring "Esif" {+Fly rF++ rC+ MR+, unknown}
   (You found it on level 4 of the Dungeon)

   [ring of flight]

   It greatly protects you from fire.
   It protects you from cold.
   It affects your resistance to hostile enchantments.
   It lets you fly.
Scrolls
 c - 2 scrolls of identify {unknown}
 k - a scroll of fog {unknown}
 l - a scroll of teleportation {unknown}
 m - 5 scrolls of remove curse {unknown}
 r - a scroll of fear {unknown}
 v - a scroll of enchant armour {unknown}
 w - a scroll of random uselessness {unknown}
Potions
 b - a potion of ambrosia
 e - a potion of curing {unknown}
 f - a potion of brilliance {unknown}
 i - a potion of berserk rage {unknown}
 o - a potion of degeneration
 p - a potion of mutation {unknown}
 q - a potion of agility {unknown}
 u - a potion of might {unknown}
Comestibles
 a - 8 rations
 t - a chunk of flesh


   Skills:
 + Level 4.5 Fighting
 + Level 4.4 Dodging
 + Level 4.6 Stealth
 * Level 4.5 Unarmed Combat


You had 5 spell levels left.
You didn't know any spells.
Your spell library was empty.

Dungeon Overview and Level Annotations

Branches:
Dungeon (4/15)
 Temple: D:4-7

Altars:
Ashenzari
Qazlal
Trog
Xom

Annotations:
D:3 3 runed translucent doors, Descartes's ghost, weakling FeMo


Innate Abilities, Weirdness & Mutations

You cannot wear most types of armour.
You are very stealthy in the water. (Stealth+)
You are amphibious.
You can wear up to eight rings at the same time.
You can use your tentacles to constrict eight enemies at once.
Your skin changes colour to match your surroundings (Stealth+).
Your rubbery body absorbs attacks. (AC +1, EV +1)


Message History

The orc warrior hits you with a cursed +0 hand axe!!
Ouch! That really hurt!
* * * LOW HITPOINT WARNING * * *
You tentacle-slap the orc warrior but do no damage.
The orc warrior is severely wounded.
You constrict the orc warrior. The orc warrior misses you.
You barely miss the orc warrior.
You squeeze the orc warrior, but do no damage.
The orc warrior is almost dead.
You constrict the orc warrior, but do no damage.
You tentacle-slap the orc warrior but do no damage.
The orc warrior is almost dead.
You constrict the orc warrior, but do no damage.
The orc warrior hits you with a cursed +0 hand axe.
* * * LOW HITPOINT WARNING * * *
You barely miss the orc warrior.
The orc warrior is almost dead.
You constrict the orc warrior.
The orc warrior hits you with a cursed +0 hand axe!
You die...

#.###..............###
#.###.#..##.#####....)
#........##.##....###.
####.##...#.##.##.####
#. ........#...##.##.#
#. ##...##...####.##.#
#. #.#####.## #.# #.
#. #.# #.##.######. #.
#@# #........... #o#
####.####### #o# #.#
##o########<#
#.o.........#
.#.####..##########
.........#
######.#......o
#.########


You could see an orc warrior and 3 orcs.

Vanquished Creatures
  2 orc priests (D:3)
  A bullfrog skeleton (D:4)
  5 orc wizards
  A worker ant (D:4)
  6 gnolls
  An adder (D:4)
  An ooze (D:4)
  2 worms
  A dart slug (D:2)
  3 leopard geckos
  14 orcs
  3 ball pythons
  3 giant cockroaches
  6 hobgoblins
  3 jackals (D:2)
  A quokka (D:2)
  11 bats
  3 frilled lizards
  9 goblins
  3 kobolds
  8 rats
87 creatures vanquished.

Notes
Turn   | Place    | Note
-------+----------+-------------------------------------------
     0 | D:1      | ReteAZ the Octopode Berserker began the quest for the Orb.
     0 | D:1      | Reached XP level 1. HP: 16/16 MP: 1/1
   128 | D:1      | Reached skill level 1 in Stealth
   138 | D:1      | Reached XP level 2. HP: 21/21 MP: 2/2
  1080 | D:2      | Reached XP level 3. HP: 26/26 MP: 3/3
  1092 | D:2      | Reached ** piety under Trog
  1441 | D:2      | Found a shimmering altar of Xom.
  1648 | D:2      | Found a stormy altar of Qazlal.
  1861 | D:2      | Reached XP level 4. HP: 12/31 MP: 4/4
  2137 | D:3      | Found a faded altar of an unknown god.
  2323 | D:3      | Reached XP level 5. HP: 22/37 MP: 5/5
  2433 | D:3      | Found a bloodstained altar of Trog.
  2785 | D:3      | Found a shattered altar of Ashenzari.
  2891 | D:3      | Noticed Descartes's ghost (weakling FeMo)
  2899 | D:3      | Found a runed translucent gate.
  2899 | D:3      | Found a runed translucent gate.
  2901 | D:3      | Found a runed translucent gate.
  3167 | D:3      | Reached XP level 6. HP: 43/43 MP: 6/6
  3844 | D:4      | Got a flickering lead ring
  4103 | D:4      | Noticed an orc warrior
  4123 | D:4      | Mangled by an orc warrior

Levels and vault maps discovered:
D:1:      dpeg_arrival_line_fractal, layout_loops_corners
D:2:      layout_basic, marbit_many_paths, nicolae_overflow_crystal_walls
D:3:      layout_rooms, bloody_trog, overflow_temple_1_default,
          chequers_ecumenical_altar_grove, gammafunk_ghost_split,
          serial_co_window_serial, co_window_corner_a,
          co_window_of_opportunity_a, co_window_cross_1, co_window_paths_a,
          co_window_paths_a, co_window_corner_b, co_window_broadway_c,
          co_window_of_opportunity_b, co_window_4corner_b, co_window_sun,
          glass_columns_a, glass_columns_b, glass_columns_b, glass_columns_c
D:4:      layout_loops_ring, serial_shops, nicolae_shop_window_shopping,
          chequers_serial_rivers_micro_b

Skill      XL: |  1  2  3  4  5  6 |
---------------+-------------------+-----
Stealth        | 1 2 3 4 |  4.6
Fighting       | 4 |  4.5
Dodging        | 4 |  4.4
Unarmed Combat | 4 |  4.5

Action                   |  1- 3 |  4- 6 || total
-------------------------+-------+-------++-------
Melee: Unarmed           |    68 |   151 ||   219
       Constrict         |    19 |    36 ||    55
       Tentacles         |    12 |    33 ||    45
       Punch             |     1 |     8 ||     9
Throw: Boomerang         |     4 |    12 ||    16
Invok: Trog's Hand       |       |     5 ||     5
  Use: Potion            |       |     2 ||     2
       Scroll            |       |     1 ||     1
 Stab: Sleeping          |    13 |     1 ||    14
       Distracted        |     1 |       ||     1
  Eat: Chunk             |     3 |     9 ||    12
Armor: Skin              |     4 |     8 ||    12
Dodge: Dodged            |    33 |    85 ||   118
